 Dungeon Crawl Stone Soup version 0.22.1-1-ga44c0e5 (webtiles) character file.

51 Stimpy the Insei (level 3, -1/23 HPs)
             Began as an Octopode Transmuter on Oct 29, 2018.
             Slain by a gnoll
             ... wielding a +0 spear
              (4 damage)
             ... on level 2 of the Dungeon.
             The game lasted 00:03:56 (2037 turns).

Stimpy the Insei (Octopode Transmuter)              Turns: 2037, Time: 00:03:56

Health: -1/23      AC:  2    Str:  9    XL:     3   Next: 81%
Magic:  3/6        EV: 19    Int: 16    God:
Gold:   58         SH:  0    Dex: 17    Spells: 0/6 levels left

rFire    . . .     SeeInvis .     - Unarmed
rCold    . . .     Gourm    .   (shield currently unavailable)
rNeg     . . .     Faith    .   (helmet currently unavailable)
rPois    x         Spirit   .   (no amulet)
rElec    .         Reflect  .   (no ring)
rCorr    .         Harm     .   (no ring)
MR       .....                  (no ring)
Stlth    ++........             (no ring)
HPRegen  0.07/turn              (no ring)
MPRegen  0.10/turn              (no ring)
                                (no ring)
                                (no ring)

@: spider-form (expiring)
A: tiny, almost no armour, stealthy swim, (amphibious), 8 rings, (constrict 8)
a: End Transformation


You were on level 2 of the Dungeon.
You were not hungry.
You were a venomous arachnid creature.
You visited 1 branch of the dungeon, and saw 2 of its levels.

You collected 58 gold pieces.

Inventory:

Missiles
 a - 12 arrows
 d - 28 sling bullets
Wands
 f - a wand of random effects (33)
Scrolls
 b - 3 scrolls of remove curse {unknown}
 e - a scroll of identify {unknown}
 g - a scroll of immolation {unknown}
 j - a scroll of fear {unknown}
Potions
 h - a potion of berserk rage {unknown}
 i - 2 potions of haste {unknown}
Comestibles
 c - 2 rations


   Skills:
 + Level 1.0 Fighting
 - Level 2.0 Dodging
 - Level 0.2 Stealth
 + Level 3.6 Unarmed Combat
 + Level 2.4 Spellcasting
 + Level 2.7 Transmutations
 * Level 1.0 Poison Magic


You couldn't memorise any spells.
You knew the following spells:

 Your Spells              Type           Power        Failure   Level  Hunger
a - Beastly Appendage     Tmut           ##....       17%         1    #......
b - Sticks to Snakes      Tmut           ##......     24%         2    ###....
c - Spider Form           Tmut/Pois      #.........   50%         3    ###....

Your spell library contained the following spells:

 Spells                   Type           Power        Failure   Level  Hunger
 Ice Form                 Ice/Tmut       #.......     89%         4    #####..
 Blade Hands              Tmut           ##........   96%         5    ######.


Dungeon Overview and Level Annotations

Branches:
Dungeon (2/15)

Altars:


Innate Abilities, Weirdness & Mutations

You cannot wear most types of armour.
You are very stealthy in the water. (Stealth+)
((You are amphibious.))
You can wear up to eight rings at the same time.
((You can use your tentacles to constrict eight enemies at once.))
((Your skin changes colour to match your surroundings (Stealth+).))
((Your rubbery body absorbs attacks. (AC +1, EV +1)))


Message History

You turn into a venomous arachnid creature.
You climb downwards.
The gnoll hits you from afar with a spear.
The gnoll misses you.
The gnoll hits you from afar with a spear.
There is a stone staircase leading up here.
You barely miss the gnoll.
Your transformation is almost over.
The gnoll barely misses you. The gnoll closely misses you.
You hit the gnoll but do no damage. The gnoll hits you with a spear!
Ouch! That really hurt!
* * * LOW HITPOINT WARNING * * *
The gnoll misses you.
You hit the gnoll but do no damage.
The gnoll is poisoned.
The gnoll hits you with a spear.
* * * LOW HITPOINT WARNING * * *
You hit the gnoll.
The gnoll looks as sick as possible!
The gnoll is heavily wounded.
The gnoll hits you from afar with a spear.
You die...

##+##
##...##
##.....##
##.......##
#.........#
+...).....+
#.........#
##...gs(.##
##....(##
##.g.##
##'##
####.####
#.......#
##
#.#####.#
.. #.#
#.######.#
#. #.#
#........#


You could see 2 gnolls.

Vanquished Creatures
  2 gnolls (D:2)
  2 leopard geckos (D:1)
  5 bats (D:1)
  2 giant cockroaches (D:1)
  3 hobgoblins (D:1)
  4 jackals
  6 kobolds
  A frilled lizard (D:1)
  2 goblins (D:1)
27 creatures vanquished.

Notes
Turn   | Place    | Note
-------+----------+-------------------------------------------
     0 | D:1      | Stimpy the Octopode Transmuter began the quest for the Orb.
     0 | D:1      | Reached XP level 1. HP: 13/13 MP: 3/3
   120 | D:1      | Reached XP level 2. HP: 5/18 MP: 3/5
   371 | D:1      | Learned a level 2 spell: Sticks to Snakes
  1132 | D:1      | Reached XP level 3. HP: 23/23 MP: 6/6
  1137 | D:1      | Learned a level 3 spell: Spider Form
  1735 | D:2      | Reached skill level 1 in Poison Magic
  2037 | D:2      | Slain by a gnoll

Skill      XL: |  1  2  3 |
---------------+----------+-----
Poison Magic   | 1 |  1.0
Fighting       | |  1.0
Dodging        | |  2.0
Stealth        | |  0.2
Unarmed Combat | |  3.6
Spellcasting   | |  2.4
Transmutations | |  2.7

Action                   || total
-------------------------++-------
Melee: Unarmed           ||    64
       Constrict         ||    12
       Kick              ||     6
       Tentacles         ||     4
 Cast: Beastly Appendage ||    12
       Spider Form       ||     3
 Stab: Sleeping          ||     2
       Distracted        ||     1
  Eat: Chunk             ||     4
Armor: Skin              ||     3
Dodge: Dodged            ||    65
